AoeStats
← AiM | CyclopsTron

African Clearing

504140601Analyzed
4v4 RM · 28d ago on Sep 4, 2026· 34m 35s· 8 players
Game mode
Random Map
Map size
Large (8 player)
Population
200
Speed
Normal
Resources
Standard
Victory
Conquest
Starting age
Dark Age
Ending age
Imperial Age
RankedLock teamsTeams togetherTeam positionsShared explorationLock speedFull tech treeHidden civsTurbo modeCheats
Victory
Defeat
🇲🇽 Mapuche · Mexico
1638
+10
🇨🇱 Vietnamese · Chile
1518
+15
🇨🇱 Huns · Chile
1513
+16
🇨🇱 Mongols · Chile
1431
+20
🇺🇸 Mapuche · United States
1526
-16
🇺🇸 Berbers · United States
1523
-16
🇺🇸 Mongols · United States
1494
-15
🇯🇵 Vietnamese · Japan
1477
-14
pNaStY- oG.
3:16 Loom
13:40 Feudal Age
14:32 Double-Bit Axe
15:10 Horse Collar
19:39 Scale Barding Armor
23:05 Fletching
28:02 Castle Age
29:00 Bodkin Arrow
29:32 Town Watch
32:25 Gold Mining
32:27 Stone Mining
all peacocks are the same
10:54 Loom
12:44 Feudal Age
13:58 Feudal Age
18:08 Castle Age
16:47 Double-Bit Axe
25:47 Elite Skirmisher
Keishi
6:07 Loom
14:19 Feudal Age
15:37 Town Watch
18:19 Castle Age
16:44 Double-Bit Axe
17:16 Fletching
17:22 Stone Mining
19:33 Bodkin Arrow
19:33 Gold Mining
20:00 Bow Saw
28:26 Padded Archer Armor
33:48 Ballistics
33:49 Town Patrol
Vingtor
10:03 Loom
12:02 Feudal Age
13:15 Town Watch
13:58 Double-Bit Axe
15:00 Forging
14:56 Scale Barding Armor
26:28 Castle Age
29:28 Chain Barding Armor
32:47 Bow Saw
AiM | CyclopsTron
5:22 Loom
13:05 Feudal Age
17:58 Castle Age
16:27 Double-Bit Axe
17:33 Fletching
27:45 Bodkin Arrow
AiM | Kadrexgg
9:19 Loom
12:25 Feudal Age
13:04 Double-Bit Axe
14:55 Fletching
22:21 Castle Age
26:27 Castle Age
24:46 Padded Archer Armor
27:21 Thumb Ring
27:12 Bodkin Arrow
27:33 Leather Archer Armor
27:32 Bloodlines
AiM | Walter Quiver
5:53 Loom
13:24 Feudal Age
17:00 Castle Age
15:40 Fletching
16:20 Double-Bit Axe
18:13 Bodkin Arrow
21:24 Ballistics
26:07 Padded Archer Armor
30:06 Bow Saw
33:15 Horse Collar
AiM | Shuffle
8:50 Loom
11:27 Feudal Age
12:01 Double-Bit Axe
19:36 Castle Age
18:46 Scale Barding Armor
18:55 Forging
27:54 Bloodlines
29:13 Iron Casting
31:25 Scale Barding Armor
33:12 Chain Barding Armor
33:05 Horse Collar
33:46 Bow Saw
Connection lost

Rejoining the realm…

Still unreachable

The connection could not be restored.

Session expired

The server has moved on; the page needs a fresh start.